Map: Acropolis LE

Players

wilk

  • Race: Terran Terran
  • League: Master
  • Spawn Location: 5:00

Mez - Winner!

  • Race: Terran Terran
  • League: Master
  • Spawn Location: 11:00

VOD

Have the link to the VOD?

Description

Time

  • Played on: Aug. 30, 2019, 3:46 p.m.
  • Length: 15:12
Show
View Real Time Build Order
Export as new Build Order

wilk Terran 

Build Orders: 2 Factory, Reaper Expand, Mech 

Get SALT Encoding   

  12  0:00  SCV  
  13  0:13  Supply Depot  
  13  0:17  SCV  
  14  0:30  SCV  
  15  0:36  Barracks  
  15  0:43  Refinery  
  15  0:44  SCV  
  16  0:56  SCV  
  17  1:09  SCV  
  18  1:23  Orbital Command  
  18  1:25  Reaper  
  19  1:39  Command Center  
  19  1:46  Refinery  
  19  1:48  SCV  
  20  2:02  Factory  
  20  2:08  SCV  
  21  2:17  Barracks Reactor, Supply Depot  
  21  2:20  SCV  
  22  2:33  SCV  
  23  2:41  Factory  
  23  2:45  SCV  
  24  3:02  Orbital Command  
  24  3:06  Refinery  
  24  3:10  SCV  
  25  3:13  Hellion x2  
  25  3:19  Barracks Tech Lab  
  29  3:22  SCV  
  30  3:41  Hellion  
  30  3:42  Hellion  
  30  3:45  SCV x2  
  35  3:52  Barracks Reactor  
  35  3:53  Siege Tank  
  35  3:55  Starport  
  38  3:57  SCV x2  
  40  4:05  Supply Depot  
  40  4:07  Engineering Bay  
  40  4:08  Hellion  
  42  4:10  SCV x2  
  44  4:18  Hellion  
  44  4:22  SCV  
  44  4:23  SCV  
  46  4:27  Siege Tank  
  43  4:56  Hellion x2  
  43  4:57  SCV x2  
  43  4:59  Siege Tank  
  52  5:01  Missile Turret  
  52  5:06  Missile Turret  
  52  5:09  SCV  
  53  5:15  Command Center  
  53  5:17  SCV  
  54  5:32  Supply Depot  
  54  5:35  Supply Depot  
  54  5:41  Infernal Pre-Igniter  
  54  5:49  Refinery  
  54  5:53  Siege Tank, SCV x2  
  54  5:54  Hellion  
  54  5:56  Viking  
  61  6:06  SCV x2  
  63  6:11  Supply Depot  
  63  6:16  Barracks Tech Lab  
  63  6:18  SCV x2  
  65  6:20  Factory  
  65  6:21  Factory  
  65  6:27  Armory x2  
  65  6:30  SCV, Viking x2, Armory  
  70  6:37  Orbital Command  
  72  6:40  Hellion  
  72  6:51  Siege Tank  
  75  6:59  Missile Turret  
  75  7:00  Viking x2  
  79  7:12  SCV x3  
  79  7:13  Supply Depot  
  82  7:20  Factory  
  82  7:22  Terran Ship Weapons Level 1, Terran Vehicle Weapons Level 1  
  82  7:24  Terran Vehicle And Ship Armor Level 1  
  82  7:26  Factory Tech Lab  
  82  7:32  SCV x3  
  85  7:44  Missile Turret  
  85  7:45  Missile Turret  
  68  8:07  Siege Tank x3  
  68  8:08  Hellion x2  
  68  8:10  Orbital Command  
  68  8:11  SCV x2  
  83  8:23  SCV x2  
  83  8:25  Factory Tech Lab  
  85  8:28  Missile Turret  
  85  8:30  Missile Turret  
  85  8:35  SCV x2  
  87  8:45  Siege Tank x2, Refinery  
  87  8:47  SCV x2  
  87  8:48  SCV  
  96  8:49  Missile Turret  
  96  8:50  Refinery  
  96  8:59  SCV x2  
  96  9:00  SCV  
  99  9:08  Hi-Sec Auto Tracking, Missile Turret  
  99  9:11  Viking  
  99  9:17  Starport  
  101  9:20  Supply Depot x2  
  101  9:36  SCV x2  
  101  9:41  Siege Tank, SCV  
  101  9:42  Siege Tank, Hellion x2, Viking  
  114  9:49  Sensor Tower  
  114  9:53  Missile Turret  
  114  10:00  Viking  
  114  10:06  Missile Turret  
  116  10:07  Missile Turret x2  
  116  10:10  Terran Vehicle Weapons Level 2, Terran Ship Weapons Level 2  
  116  10:15  Missile Turret  
  116  10:18  Supply Depot  
  116  10:28  Missile Turret  
  116  10:33  Terran Vehicle And Ship Armor Level 2  
  116  10:40  SCV, Hellion x2, Viking x2  
  125  10:48  Command Center  
  125  10:58  Starport, Fusion Core  
  125  11:02  Starport  
  125  11:05  Starport  
  125  11:41  Starport Tech Lab x2  
  125  11:42  Starport Tech Lab x2  
  125  11:59  Siege Tank, SCV x3  
  125  12:00  Hellion  
  133  12:03  Siege Tank  
  133  12:04  Hellion x2  
  140  12:30  Orbital Command  
  140  12:32  Refinery x2  
  140  12:48  Siege Tank  
  139  12:56  Viking  
  139  12:59  Viking  
  139  13:00  Siege Tank, Viking x2  
  138  13:10  Battlecruiser  
  139  13:32  Missile Turret  
  139  13:36  Viking  
  139  13:40  Battlecruiser  
  138  13:49  Missile Turret  
  88  14:08  Viking x2  
  88  14:09  Viking  
  78  14:21  Siege Tank x3, Missile Turret  
  78  14:23  Missile Turret  
  78  14:24  Missile Turret  
  66  14:34  Missile Turret  
  66  14:36  Missile Turret  
  61  14:59  Missile Turret  
Show
View Real Time Build Order
Export as new Build Order

Mez Terran - Winner!

Build Orders: Gas First Reaper Expand, Hellion Opening 

Get SALT Encoding   

  12  0:00  SCV  
  13  0:12  SCV  
  14  0:17  Supply Depot  
  14  0:25  SCV  
  14  0:27  Refinery  
  15  0:38  SCV  
  16  0:45  Barracks  
  16  0:51  SCV  
  17  1:03  SCV  
  18  1:15  SCV  
  19  1:32  Orbital Command  
  19  1:33  Reaper  
  20  1:47  Command Center  
  20  1:57  Factory  
  20  2:00  SCV  
  21  2:09  Barracks Reactor  
  21  2:13  SCV, Supply Depot  
  21  2:25  SCV, Refinery  
  22  2:37  SCV  
  23  2:44  Starport  
  23  2:50  Hellion x2  
  27  2:53  Barracks Tech Lab  
  27  2:54  SCV  
  27  3:12  Orbital Command  
  28  3:16  Hellion x2  
  28  3:19  Marauder  
  33  3:24  Concussive Shells  
  33  3:35  SCV, Medivac  
  33  3:41  Marauder  
  38  3:47  Hellion x2  
  42  3:52  SCV x2  
  44  3:56  Supply Depot  
  44  4:05  SCV x2  
  46  4:18  SCV, Viking  
  34  4:54  Marine x2  
  34  4:55  Cyclone  
  34  4:56  Starport Tech Lab  
  34  4:59  Barracks  
  37  5:01  Barracks  
  37  5:02  SCV x2  
  37  5:05  Command Center  
  39  5:14  SCV x2, Supply Depot  
  41  5:16  Raven  
  41  5:18  Marine x2  
  45  5:25  Refinery  
  45  5:26  SCV x2  
  45  5:27  Siege Tank  
  50  5:38  SCV x2  
  50  5:40  Supply Depot  
  52  5:45  Marine x2  
  52  5:48  Barracks Reactor  
  52  5:49  Barracks Reactor  
  54  5:50  SCV x2  
  56  5:58  Refinery  
  56  6:02  Siege Tank, SCV  
  60  6:08  SCV  
  60  6:11  Marine, Engineering Bay  
  62  6:13  Stimpack, Engineering Bay  
  62  6:14  SCV  
  63  6:20  SCV  
  63  6:22  Barracks  
  63  6:23  Barracks, Orbital Command  
  64  6:26  SCV  
  64  6:28  Marine  
  64  6:29  Medivac  
  64  6:30  Medivac  
  70  6:33  SCV  
  70  6:36  Marine x2  
  70  6:37  Marine  
  74  6:43  SCV  
  74  6:45  SCV  
  76  6:47  Siege Tank  
  76  6:50  Orbital Command  
  79  6:55  SCV, Supply Depot x2  
  79  7:01  Marine x2  
  82  7:03  Terran Infantry Armor Level 1, Terran Infantry Weapons Level 1  
  82  7:04  SCV  
  82  7:07  SCV  
  84  7:13  Supply Depot  
  84  7:17  SCV  
  84  7:19  SCV x2  
  84  7:20  Marine x4  
  84  7:21  Marine  
  92  7:24  Barracks Reactor x2  
  92  7:27  Siege Tank  
  92  7:29  SCV  
  96  7:31  SCV x2  
  98  7:41  SCV  
  98  7:43  SCV  
  78  7:59  Marine x4  
  76  8:05  Medivac x2  
  76  8:06  Siege Tank, SCV  
  76  8:07  SCV x2  
  76  8:10  Command Center  
  76  8:11  Refinery  
  76  8:12  Refinery  
  86  8:13  Barracks Tech Lab  
  86  8:14  Marauder, Supply Depot  
  86  8:15  Combat Shield  
  86  8:19  SCV x3  
  91  8:24  Barracks Tech Lab  
  91  8:26  Starport  
  91  8:27  Marine x4  
  91  8:31  SCV x3  
  98  8:37  Medivac, Armory  
  98  8:39  Medivac  
  102  8:43  SCV x3  
  102  8:46  Marauder  
  102  8:47  Marine x4, Marauder x2  
  115  8:55  SCV x2, Supply Depot  
  117  8:57  Supply Depot  
  117  8:59  Supply Depot  
  117  9:16  Marine x2  
  125  9:17  Siege Tank, SCV, Marauder  
  125  9:19  Marine x2, Marauder x2, Viking  
  125  9:21  SCV  
  131  9:26  Viking x3  
  131  9:31  Supply Depot  
  137  9:34  Supply Depot  
  137  9:35  Supply Depot  
  137  9:47  Marine x3, Marauder x2  
  137  9:48  Marine, Marauder  
  137  9:49  Viking  
  149  9:59  Viking  
  151  10:00  Supply Depot, Viking x2  
  151  10:01  Supply Depot  
  151  10:05  Marine, Refinery  
  151  10:06  Refinery  
  151  10:07  Terran Infantry Armor Level 2, Terran Infantry Weapons Level 2  
  156  10:08  Terran Ship Weapons Level 1  
  156  10:12  Orbital Command  
  156  10:13  SCV  
  156  10:14  SCV x2  
  159  10:21  Viking  
  161  10:25  SCV  
  162  10:28  Starport  
  162  10:29  Viking  
  164  10:40  Marine x6, Marauder x2  
  174  10:45  Barracks  
  174  10:46  Barracks  
  174  10:48  Barracks  
  174  10:51  Viking  
  174  10:52  Viking x2  
  180  11:02  Marauder, Viking  
  184  11:06  Marine, Marauder  
  184  11:07  Marine x5  
  192  11:16  Command Center  
  192  11:17  Liberator x3  
  192  11:22  Siege Tank  
  191  11:29  Fusion Core  
  184  11:37  Viking  
  184  11:39  Barracks Tech Lab x3  
  195  11:48  Command Center  
  195  11:52  Marauder  
  195  11:55  Marauder, Viking  
  196  12:10  Liberator  
  196  12:11  Liberator  
  196  12:23  Liberator  
  200  12:44  Marauder  
  191  12:51  Siege Tank  
  191  12:58  Viking  
  193  13:03  Advanced Ballistics  
  190  13:10  Liberator x2, Viking  
  190  13:11  Liberator  
  187  13:22  Liberator  
  187  13:26  Viking  
  199  13:49  Liberator  
  199  13:53  Liberator  
  182  14:04  Marauder x2  
  182  14:05  Marine x2, Marauder x2  
  182  14:06  Marauder  
  182  14:09  Liberator x3  
  186  14:25  Marauder  
  193  14:33  Marine, Marauder x3  
  195  14:51  Marine x4, Marauder  
  196  15:05  Refinery  
Tags
 
Add a new tag
Caveats
  • Supply blocks, unpowered buildings, or Contaminate may cause inaccurate times.
  • Supply counts are checked every 10 seconds.